 Dungeon Sprint DCSS version 0.31-a0-879-g1609e0ac53 (webtiles) character file.

Game seed: 856157828189492956

8264 sircluck the Grappler (level 11, -22/124 HPs)
             Began as a Troll Berserker on Oct 13, 2023.
             Was the Champion of Trog.
             Annihilated by Rupert
             ... wielding a +3 heavy battleaxe
              (52 damage)
             ... in the Dungeon (Sprint III: "The Ten Rune Challenge") on Oct 14, 2023.
             The game lasted 00:05:20 (1163 turns).

sircluck the Grappler (Troll Berserker)             Turns: 1163, Time: 00:05:21

Health: -22/124    AC:  3    Str: 34    XL:     11   Next: 7%
Magic:  8/8        EV: 14    Int:  1    God:    Trog [******]
Gold:   1884       SH:  0    Dex: 12    Spells: 10/10 levels left

rFire   . .          .
                       - Unarmed
rCold   . . .        (no shield)
rNeg    . . .        a - +0 animal skin
rPois   .            (helmet restricted)
rElec   .            (no cloak)
rCorr   .            (gloves unavailable)
SInv    .            (boots unavailable)
Will    .....        (no amulet)
Stlth   +            (no ring)
HPRegen 1.20/turn    (no ring)
MPRegen 0.11/turn

%: no teleportation
@: on berserk cooldown, slowed, very slow
A: large, unfitting armour, claws 3, regeneration 1, shaggy fur 1, tough skin 1,
agile 1, deformed body, low MP 1, strong 1, MP-powered wands
a: Renounce Religion, Berserk, Trog's Hand, Brothers in Arms


You were in the Dungeon.
You worshipped Trog.
Trog was exalted by your worship.
You visited 1 branch You collected 1884 gold pieces.

Inventory:

Armour
 a - a +0 animal skin (worn)
Scrolls
 h - a scroll of enchant weapon {unknown}
 j - 2 scrolls of immolation {unknown}
 l - a scroll of identify {unknown}
Potions
 b - 2 potions of curing
 c - a potion of heal wounds
 d - a potion of haste
 e - 2 potions of magic
 f - a potion of berserk rage
 i - 4 potions of mutation
 k - 3 potions of enlightenment
Miscellaneous
 m - a lightning rod (3/4)


   Skills:
 + Level 12.7 Fighting
 + Level 8.6 Armour
 + Level 12.7 Dodging
 + Level 14.9 Unarmed Combat


You had 10 spell levels left.
You didn't know any spells.
Your spell library was empty.

Dungeon Overview and Level Annotations

Branches:
Dungeon (1/1)

Altars:
Cheibriados
Dithmenos
Elyvilon
Fedhas
Gozag
Hepliaklqana
Kikubaaqudgha
Makhleb
Nemelex Xobeh
Okawaru
Qazlal
Ru
Sif Muna
Trog
Uskayaw
Vehumet
Wu Jian
Xom
Yredelemnul
Zin
The Shining One
Jiyva
Lugonu

Shops:
D [

Annotations:
D Rupert


Innate Abilities, Weirdness & Mutations

You are too large for most types of armour.
You have claws for hands.
Your natural rate of healing is unusually fast.
You are covered in fur. (AC +1)
You have tough skin. (AC +1)
You are agile. (Dex +4, Str/Int -1)
Armour fits poorly on your strangely shaped body.
Your magical capacity is low. (-10% MP)
Your muscles are strong. (Str +4, Int/Dex -1)
You expend magic power (3 MP) to strengthen your wands.


Message History

Unknown command.
Unknown command.
Blink to where?
Press: ? - help, Q - select action, (/) - cycle Dir - move target Splash!
You fall into the shallow water.
As you read the scroll of blinking, it crumbles to dust.
Rupert rages.
There is an open door, spattered with blood here.
You see here a +0 glaive.
You hear a splash.
As you close the door, pushing everything out of the way, it creaks loudly!
Rupert breaks down the door.
Aiming: Thunderbolt
Press: ? - help, Q - select action, (/) - cycle Shift-Dir - straight line, f - Rupert
Aim: Rupert, wielding a +3 heavy battleaxe and wearing a +0 scale mail (lightly wounded, berserk)
The thunderbolt hits Rupert!
Rupert is lightly wounded.
Rupert misses you.
Your troll goes berserk!
Rupert hits you with a +3 heavy battleaxe!!!
* * * LOW HITPOINT WARNING * * *
Rupert hits your troll with a +3 heavy battleaxe.
Rupert closely misses you.
Rupert hits your troll with a +3 heavy battleaxe!
Unknown command.
Your troll bites Rupert!
Your troll closely misses Rupert.
Your troll claws Rupert!!
Rupert attacks as he pursues you! Rupert barely misses you.
Blink to where?
Press: ? - help, Q - select action, (/) - cycle Dir - move target, p - Rupert
As you read the scroll of blinking, it crumbles to dust.
Your troll rages.
Rupert barely misses you.
Rupert hits something with a +3 heavy battleaxe!!!
You closely miss Rupert. Your claw misses Rupert.
Rupert is lightly wounded.
Rupert hits you with a +3 heavy battleaxe!!!
You die...
Rupert roars with triumph.

.~~≈~~~....#.⌠.#__#...#)#########
.~≈~~~.....#...#__#...#))~~~'.#.)
.~~~†......#)###__#...#)#~~~#.#.#
...........#.):#__#...'.#...#.#.#
...........#___#__'...#)#.§.#...#
▓▓▓▓▓▓▓▓▓▓▓▓▓▓▓▓▓▓▓▓▓▓▓▓▓▓▓▓▓▓▓▓▓
≈≈≈≈~≈~~♣♣.....♣♣♣♣~~~....)...~~~
~≈≈§~~≈.♣♣†≈≈≈≈@♣♣†♣≈≈≈≈≈≈≈≈≈≈≈≈♣
~~§~.~~≈)'...T†#@~♣♣♣♣♣♣♣♣♣♣♣♣♣♣♣
~~§§~≈≈~♣♣♣♣♣♣♣#..♣ ≈§~~~~.≈♣
###+ ##'###### ..........
##########


You could see Rupert (berserk).

Vanquished Creatures
  Snorg (D)
  A centaur warrior (D)
  A deep elf pyromancer (D)
  An orc sorcerer (D)
  2 cane toads (D)
  An unseen horror (D)
  A rime drake (D)
  A komodo dragon (D)
  3 wandering mushrooms (D)
  A queen bee (D)
  5 blink frogs (D)
  A shadow (D)
  A spatial vortex (D)
  A swamp drake (D)
  2 centaurs (D)
  An earth elemental (D)
  A necrophage (D)
  A water elemental (D)
  13 killer bees (D)
  A jelly (D)
  An orc priest (D)
  A wizard (D)
  Jessica (D)
  A necromancer (D)
  3 humans (D)
  A kobold demonologist (D)
  A phantom (D)
  2 orcs (D)
  2 endoplasms (D)
53 creatures vanquished.

Vanquished Creatures (collateral kills)
  An orc knight (D)
  An orc warrior (D)
  19 killer bees (D)
  2 orc priests (D)
  2 orc wizards (D)
  8 orcs (D)
33 creatures vanquished.

Grand Total: 86 creatures vanquished

Notes
Turn   | Place    | Note
-------+----------+-------------------------------------------
     0 | D        | sircluck the Troll Berserker began the quest for the Orb.
     0 | D        | Reached XP level 1. HP: 22/22 MP: 0/0
    11 | D        | Noticed Jessica
    15 | D        | Killed Jessica
    15 | D        | Reached ** piety under Trog
    16 | D        | Reached skill level 4 in Unarmed Combat
    16 | D        | Reached XP level 2. HP: 32/32 MP: 1/1
    16 | D        | Reached XP level 3. HP: 39/39 MP: 2/2
    59 | D        | Reached skill level 5 in Unarmed Combat
    79 | D        | Gained mutation: Your magical capacity is low. (-10% MP)
                  | [potion of mutation]
    79 | D        | Gained mutation: Armour fits poorly on your strangely
                  | shaped body. [potion of mutation]
    79 | D        | Gained mutation: Your muscles are strong. (Str +4, Int/Dex
                  | -1) [potion of mutation]
    79 | D        | Gained mutation: You have hidden genetic potential. [potion
                  | of mutation]
    94 | D        | Noticed a water elemental
    98 | D        | Killed a water elemental
    99 | D        | Reached skill level 5 in Fighting
    99 | D        | Reached skill level 5 in Dodging
    99 | D        | Reached skill level 6 in Unarmed Combat
    99 | D        | Reached XP level 4. HP: 42/50 MP: 2/2
   104 | D        | Gained mutation: You are agile. (Dex +4, Str/Int -1)
                  | [hidden potential]
   112 | D        | Found a glowing silver altar of Zin.
   112 | D        | Found a glowing golden altar of the Shining One.
   112 | D        | Found a white marble altar of Elyvilon.
   113 | D        | Noticed a deep elf pyromancer
   118 | D        | Killed a deep elf pyromancer
   118 | D        | Reached *** piety under Trog
   119 | D        | Reached skill level 9 in Unarmed Combat
   119 | D        | Reached XP level 5. HP: 36/63 MP: 3/3
   119 | D        | Reached XP level 6. HP: 42/72 MP: 4/4
   119 | D        | Reached XP level 7. HP: 46/79 MP: 5/5
   120 | D        | Gained mutation: You expend magic power (3 MP) to
                  | strengthen your wands. [hidden potential]
   120 | D        | Lost mutation: You have hidden genetic potential. [hidden
                  | potential expressed]
   153 | D        | Found a hide-covered altar of Uskayaw.
   153 | D        | Found an iron altar of Okawaru.
   153 | D        | Found a bloodstained altar of Trog.
   153 | D        | Found an ornate altar of the Wu Jian Council.
   153 | D        | Noticed a human
   153 | D        | Noticed a human
   163 | D        | Upgraded the game from 0.31-a0-876-gfe8ebadbca to
                  | 0.31-a0-879-g1609e0ac53
   164 | D        | Killed a human
   169 | D        | Killed a human
   169 | D        | Reached **** piety under Trog
   170 | D        | Reached skill level 10 in Unarmed Combat
   235 | D        | Found a basalt altar of Yredelemnul.
   235 | D        | Found a shadowy altar of Dithmenos.
   235 | D        | Found a sacrificial altar of Ru.
   255 | D        | Noticed a shadow
   258 | D        | Killed a shadow
   259 | D        | Reached XP level 8. HP: 69/92 MP: 6/6
   259 | D        | Reached ***** piety under Trog
   266 | D        | Found a blossoming altar of Fedhas.
   266 | D        | Found a stormy altar of Qazlal.
   266 | D        | Found a snail-covered altar of Cheibriados.
   266 | D        | Found a burning altar of Makhleb.
   266 | D        | Found a shimmering altar of Xom.
   267 | D        | Found a hazy altar of Hepliaklqana.
   267 | D        | Found an opulent altar of Gozag.
   267 | D        | Found a sparkling altar of Nemelex Xobeh.
   267 | D        | Found a corrupted altar of Lugonu.
   267 | D        | Found a viscous altar of Jiyva.
   274 | D        | Reached skill level 11 in Unarmed Combat
   298 | D        | Found a radiant altar of Vehumet.
   298 | D        | Found a shimmering blue altar of Sif Muna.
   298 | D        | Found an ancient bone altar of Kikubaaqudgha.
   300 | D        | Noticed a soul eater
   377 | D        | Noticed Snorg
   387 | D        | Killed Snorg
   387 | D        | Received a gift from Trog
   388 | D        | Reached skill level 10 in Fighting
   388 | D        | Reached skill level 10 in Dodging
   442 | D        | Noticed an orc sorcerer
   442 | D        | Noticed an orc knight
   459 | D        | Killed an orc sorcerer
   460 | D        | Reached skill level 12 in Unarmed Combat
   460 | D        | Reached XP level 9. HP: 46/102 MP: 7/7
   485 | D        | Received a gift from Trog
   491 | D        | Killed an orc knight
   492 | D        | Reached skill level 5 in Armour
   581 | D        | Found Boics's Armour Emporium.
   664 | D        | Noticed a centaur warrior
   666 | D        | Received a gift from Trog
   673 | D        | Killed a centaur warrior
   673 | D        | Reached ****** piety under Trog
   674 | D        | Reached skill level 13 in Unarmed Combat
   702 | D        | Reached XP level 10. HP: 110/114 MP: 8/8
   713 | D        | Received a gift from Trog
   724 | D        | Identified the +4 rapier of Gyoh Jei {heavy, rPois} (Trog
                  | gifted it to you in the Dungeon)
   724 | D        | Received a gift from Trog
   748 | D        | Received a gift from Trog
   948 | D        | Reached skill level 14 in Unarmed Combat
   988 | D        | Received a gift from Trog
  1001 | D        | Noticed a cane toad
  1001 | D        | Noticed a cane toad
  1004 | D        | Killed a cane toad
  1009 | D        | Killed a cane toad
  1056 | D        | Received a gift from Trog
  1057 | D        | Reached XP level 11. HP: 89/124 MP: 8/8
  1142 | D        | Noticed Rupert
  1163 | D        | Annihilated by Rupert

Illustrated notes

Levels and vault maps discovered:
D:        dungeon_sprint_mu [sprint_mu_entry_forest, sprint_mu_temple_rooms,
          sprint_mu_d1_horrors, sprint_mu_d2_genie, sprint_mu_d3_branching,
          sprint_mu_orc_legion, sprint_mu_elf_gauntlet, sprint_mu_hive_nellie,
          sprint_mu_lair_fedhas, sprint_mu_vaults_butterflies,
          sprint_mu_slime_circle, sprint_mu_shoals_archi,
          sprint_mu_snake_twists, sprint_mu_blade_basic,
          sprint_mu_crypt_chambers, sprint_mu_tomb_spiral,
          sprint_mu_vestibule_basic, sprint_mu_gehenna_hellfire,
          sprint_mu_dis_giant, sprint_mu_tartarus_statrot,
          sprint_mu_cocytus_islands, sprint_mu_zot1]

Skill      XL: |  1  2  3  4  5  6  7  8  9 10 |
---------------+-------------------------------+-----
Fighting       | 3 5 7 9 10 11 12 | 12.7
Dodging        | 3 5 7 9 10 11 12 | 12.7
Unarmed Combat | 4 6 9 10 12 13 14 | 14.9
Armour         | 4 6 8 |  8.6

Action                     |  1- 3 |  4- 6 |  7- 9 | 10-12 || total
---------------------------+-------+-------+-------+-------++-------
  Melee: Unarmed           |    20 |     4 |    79 |    80 ||   183
         Punch             |       |       |     9 |     8 ||    17
 Invoke: Berserk           |       |       |     1 |     2 ||     3
         Brothers in Arms  |       |       |     3 |     3 ||     6
  Evoke: Lightning rod     |       |       |       |     1 ||     1
    Use: Potion            |     1 |       |       |       ||     1
         Scroll            |       |       |       |     2 ||     2
   Stab: Sleeping          |     1 |       |       |     1 ||     2
 Armour: Animal skin       |     8 |     2 |    56 |    58 ||   124
  Dodge: Dodged            |     6 |     2 |    45 |    47 ||   100

Table legend: (Time is in decaauts)
 A = Elapsed time spent in this place.
 B = Non-inter-level travel time spent in this place.
 C = Inter-level travel time spent in this place.
 D = Time resting spent in this place.
 E = Time spent auto-exploring this place.
 F = Levels seen in this place.
 G = Mean time per level.
                   A        B        C        D        E       F      G
               +--------+--------+--------+--------+--------+-----+--------+
         Total |   1147 |   1082 |     65 |    352 |    294 |   1 | 1147.0 |
       Dungeon |   1147 |   1082 |     65 |    352 |    294 |   1 | 1147.0 |
               +--------+--------+--------+--------+--------+-----+--------+

Top non-repeatable levels by time:
       D: 1147 daAuts
